Map: 10000 Feet LE

Players

llllllllllll - Winner!

  • Race: Protoss Protoss
  • Spawn Location: 5:00

A.I. 1 (Very Easy)

  • Race: Terran Terran
  • Spawn Location: 11:00

VOD

Have the link to the VOD?

Description

Time

  • Played on: May 24, 2026, 3:30 a.m.
  • Length: 4:21
Show
View Real Time Build Order
Export as new Build Order

llllllllllll Protoss - Winner!

Build Orders:  

Get SALT Encoding   

  12  0:00  Probe  
  13  0:12  Probe  
  14  0:16  Pylon  
  14  0:24  Probe  
  15  0:35  Gateway  
  15  0:37  Probe  
  15  0:42  Assimilator  
  16  0:49  Probe  
  17  0:51  Assimilator  
  17  1:01  Probe  
  18  1:09  Gateway  
  18  1:13  Probe  
  19  1:21  Cybernetics Core  
  19  1:25  Probe  
  20  1:27  Pylon, Warp Gate  
  20  1:37  Probe  
  21  1:45  Gateway  
  21  1:55  Stalker  
  23  2:03  Stalker  
  25  2:13  Pylon  
  26  2:22  Stalker  
  27  2:31  Stalker  
  27  2:32  Stalker  
  31  2:40  Probe  
  32  2:52  Probe  
  33  3:15  Stalker x3  
  39  3:20  Pylon  
  39  3:39  Stalker x3  
  45  3:45  Pylon  
  45  4:04  Stalker x2  
  45  4:09  Stalker  
Show
View Real Time Build Order
Export as new Build Order

A.I. 1 (Very Easy) Terran 

Build Orders:  

Get SALT Encoding   

  12  0:00  SCV  
  13  0:13  SCV  
  14  0:18  Supply Depot  
  14  0:36  Refinery  
  14  0:41  Barracks  
  14  1:03  Supply Depot  
  14  1:12  Refinery  
  14  1:27  Marine  
  14  1:29  SCV  
  16  1:41  SCV  
  17  1:53  SCV  
  18  2:02  Marine  
  18  2:05  SCV  
  20  2:17  SCV  
  21  2:29  SCV  
  22  2:36  Marine  
  23  2:42  Orbital Command  
  23  3:33  Marine  
  24  3:36  Supply Depot  
  21  3:43  SCV  
  17  3:55  SCV  
  12  4:02  Marine  
  6  4:07  SCV  
Tags
 
Add a new tag
Caveats
  • Supply blocks, unpowered buildings, or Contaminate may cause inaccurate times.
  • Supply counts are checked every 10 seconds.